 Dungeon Crawl Stone Soup version 0.19-a0-277-g85cb9a5 (webtiles) character file.

5029 epen the Nimble (level 10, -1/47 HPs)
             Began as a Felid Monk on May 26, 2016.
             Was an Elder of Dithmenos.
             Slain by Maud
             ... wielding a +1 eveningstar of draining
              (12 damage)
             ... on level 4 of the Lair of Beasts.
             The game lasted 00:28:38 (16527 turns).

epen the Nimble (Felid Monk)                       Turns: 16527, Time: 00:28:40

Health: -1/47      AC:  4    Str:  7    XL:     10   Next: 30%
Magic:  16/16      EV: 31    Int: 12    God:    Dithmenos [****..]
Gold:   742        SH:  0    Dex: 22    Spells: 0 memorised, 9 levels left
                                        Lives:  0   Deaths: 3

rFire  . . .     SeeInvis +       - Unarmed
rCold  . . .     Gourm    .     (armour unavailable)
rNeg   . . .     Faith    .     (shield unavailable)
rPois  +         Spirit   .     (helmet unavailable)
rElec  .         Dismiss  .     (cloak unavailable)
rCorr  .         Reflect  .     (gloves unavailable)
SustAt .         Harm     .     (boots unavailable)
MR     +....                    (no amulet)
Stlth  ++++++++..               u - ring of poison resistance
                                I - +2 ring of protection

@: wreathed by umbra, drained, quick, somewhat resistant to hostile
enchantments, extraordinarily stealthy
A: no armour, no weapons or thrown items, claws 1, fangs 3, see invisible,
carnivore 3, speed 1, shaggy fur 2, slow metabolism 1, sharp paws
a: Shadow Step, Renounce Religion


You were on level 4 of the Lair of Beasts.
You worshipped Dithmenos.
Dithmenos was greatly pleased with you.
You were not hungry.

You visited 3 branches of the dungeon, and saw 16 of its levels.

You collected 878 gold pieces.
You spent 136 gold pieces at shops.

Inventory:

Jewellery
 d - an uncursed ring of protection from cold
 p - an uncursed amulet of magic regeneration {unknown}
 q - an uncursed ring of flight
 r - an uncursed ring of protection from magic
 u - a ring of poison resistance (right paw)
 I - a +2 ring of protection (left paw)
Wands
 j - a wand of polymorph (8/24)
 y - a wand of digging (12/24)
 B - a wand of slowing (42/48)
 E - a wand of slowing (28/48)
 F - a wand of lightning (8/15)
Scrolls
 c - 7 scrolls of identify
 e - 2 scrolls of recharging
 f - 5 scrolls of remove curse
 g - 5 scrolls of teleportation
 n - 4 scrolls of noise
 v - 6 scrolls of enchant armour
 z - a scroll of blinking
 D - 4 scrolls of magic mapping
 H - 2 scrolls of summoning
Potions
 i - 8 potions of curing
 k - a potion of heal wounds
 l - 3 potions of invisibility
 m - 2 potions of haste
 o - 2 potions of ambrosia
 s - 4 potions of cancellation
 w - 3 potions of lignification
 A - a potion of might {unknown}
 C - 2 potions of resistance {unknown}
 G - 2 potions of agility
Comestibles
 a - 6 meat rations
 b - 3 slices of pizza
 h - 4 beef jerkies


   Skills:
 + Level 7.0(6.3) Fighting
 * Level 12.8(12.0) Dodging
 + Level 9.8(9.1) Stealth
 * Level 10.9(10.2) Unarmed Combat
 * Level 7.2(6.5) Invocations


You had 9 spell levels left.
You didn't know any spells.

Dungeon Overview and Level Annotations

Branches:
Dungeon (11/15)            Temple (1/1) D:6            Lair (4/8) D:10
  Swamp: Lair:3-6    Shoals: Lair:3-6     Snake: Lair:3-6    Spider: Lair:3-6
    Orc: D:9-12

Altars:
Ashenzari
Cheibriados
Dithmenos
Elyvilon
Fedhas
Gozag
Hepliaklqana
Kikubaaqudgha
Makhleb
Nemelex Xobeh
Okawaru
Pakellas
Qazlal
Ru
Sif Muna
Trog
Ukayaw
Vehumet
Xom
Yredelemnul
Zin
The Shining One

Shops:
D:10 *

Annotations:
D:7 Dowan
Lair:2 exclusion: oklob plant
Lair:4 Maud


Innate Abilities, Weirdness & Mutations

You cannot wear armour.
You are incapable of wielding weapons or throwing items.
You have sharp claws.
You have razor-sharp teeth.
You have supernaturally acute eyesight. (SInv)
You are carnivorous and can eat meat at any time.
You cover ground quickly.
You are covered in thick fur. (AC +2)
You have a slow metabolism.
Your sharp claws are effective at attacking unaware monsters.


Message History

You rejoin the land of the living...
Found a stone staircase leading up.
Found 19 stones.
You open the gate.
Found a stone staircase leading up.
There is an open gate here.
v - 6 scrolls of enchant armour (gained 1) Maud is nearby!
You claw Maud!
Maud is heavily wounded.
Maud completely misses you.
You scratch Maud but do no damage.
Maud is heavily wounded.
You scratch Maud but do no damage.
Maud is heavily wounded.
Maud hits you with a +1 eveningstar of draining!!!
Ouch! That really hurt!
* * * LOW HITPOINT WARNING * * *
You emit a cloud of dark smoke.
You feel drained.
You die...

#..#.#.........##...# #.
##........##....#.#P###♣.
#....# ..P##...P##### #.♣
##..P# #.. #....#P###.#♣♣
#..†## #.###...........
#....###...#...........
##.....................
#........§.............
#......@@§......###.##.
##.............## ##
#....###.#P....#
#P....#####....#
##...#...P#....#
#....#..##....#
#...##...+....#
###....#..#.....#
#.....###.# ...


You could see Maud.

Vanquished Creatures
  3 hydras
  A hill giant (D:10)
  A centaur zombie (D:10)
  A spiny frog (Lair:2)
  A komodo dragon (Lair:3)
  A troll (D:9)
  A two-headed ogre (D:8)
  Prince Ribbit (D:7)
  5 blink frogs (Lair:2)
  5 hippogriffs
  A wyvern (D:8)
  Duvessa (D:7)
  3 water moccasins (Lair:3)
  3 porcupines (Lair:2)
  An ice beast (D:8)
  A wasp (D:9)
  2 black bears
  An orc warrior (D:10)
  A phantom (D:9)
  7 necrophages (Lair:4)
  A sky beast (D:11)
  3 centaurs
  3 crocodiles
  8 giant frogs
  2 big kobolds
  A wyvern zombie (D:7)
  A water moccasin zombie (D:10)
  3 scorpions
  A killer bee (D:9)
  3 wights (D:7)
  An electric eel (Lair:3)
  6 howler monkeys
  6 crimson imps
  A quasit (D:10)
  4 orc priests
  A jelly (D:9)
  4 hounds
  7 orc wizards
  A giant frog skeleton (D:6)
  8 iguanas
  7 worker ants
  4 sheep (Lair:3)
  A hound zombie (D:5)
  3 gnolls (D:8)
  11 adders
  28 river rats
  A shadow imp (D:8)
  An ooze (D:2)
  An adder skeleton (D:6)
  4 worms
  A dart slug (D:3)
  8 giant geckos
  17 orcs
  A ball python (D:2)
  2 bats (D:2)
  3 giant cockroaches
  11 goblins
  6 hobgoblins
  10 jackals
  3 quokkas
  6 giant newts
  A jackal zombie (D:8)
  12 kobolds
  A quokka zombie (D:6)
  8 rats
257 creatures vanquished.

Vanquished Creatures (collateral kills)
  A fungus (Lair:2)
1 creature vanquished.

Vanquished Creatures (others)
  6 bushes (D:9)
  11 plants (D:9)
17 creatures vanquished.

Grand Total: 275 creatures vanquished

Notes
Turn   | Place    | Note
--------------------------------------------------------------
     0 | D:1      | epen the Felid Monk began the quest for the Orb.
     0 | D:1      | Reached XP level 1. HP: 10/10 MP: 2/2
   164 | D:1      | Reached XP level 2. HP: 14/14 MP: 3/3
   945 | D:2      | Reached XP level 3. HP: 17/17 MP: 4/4
  1176 | D:2      | Found an iron altar of Okawaru.
  1657 | D:2      | Reached XP level 4. HP: 21/21 MP: 5/5
  1950 | D:3      | Reached skill level 5 in Dodging
  2315 | D:3      | Found a deep blue altar of Sif Muna.
  2634 | D:3      | Found a hide-covered altar to Ukayaw.
  3105 | D:4      | Reached skill level 5 in Unarmed Combat
  3105 | D:4      | Reached XP level 5. HP: 24/24 MP: 6/6
  4358 | D:4      | Gained mutation: You are covered in thick fur. (AC +2) [Felid growth]
  4358 | D:4      | Reached XP level 6. HP: 22/28 MP: 7/7
  4628 | D:4      | Reached skill level 6 in Dodging
  4990 | D:5      | Entered Level 5 of the Dungeon
  5029 | D:5      | Found a sparkling altar of Nemelex Xobeh.
  5198 | D:5      | Found an ancient bone altar of Kikubaaqudgha.
  5200 | D:5      | Noticed a sky beast
  5279 | D:5      | Found a shimmering altar of Xom.
  5279 | D:5      | Noticed an ice beast
  6050 | D:5      | Killed from afar by an orc priest
  6051 | D:5      | Reached XP level 5. HP: -2/25 MP: 6/6
  6437 | D:6      | Reached XP level 6. HP: 28/28 MP: 7/7
  6476 | D:6      | Found a staircase to the Ecumenical Temple.
  6484 | Temple   | Entered the Ecumenical Temple
  6542 | Temple   | Became a worshipper of Dithmenos the Shadowed
  6542 | Temple   | Reached * piety under Dithmenos
  6542 | Temple   | Reached ** piety under Dithmenos
  6971 | D:6      | Found a shattered altar of Ashenzari.
  6976 | D:6      | Found an oddly glowing altar of Pakellas.
  7145 | D:5      | Reached skill level 7 in Dodging
  7171 | D:5      | Noticed an ice beast
  7196 | D:7      | Reached skill level 5 in Stealth
  7371 | D:7      | Reached XP level 7. HP: 32/32 MP: 8/8
  7389 | D:7      | Noticed Duvessa
  7641 | D:7      | Killed Duvessa
  7944 | D:7      | Noticed a hippogriff
  7973 | D:7      | Killed a hippogriff
  7973 | D:7      | Reached skill level 8 in Dodging
  8148 | D:7      | Noticed Dowan
  8148 | D:7      | Noticed Prince Ribbit
  8186 | D:7      | Reached XP level 8. HP: 36/36 MP: 9/9
  8287 | D:7      | Killed Prince Ribbit
  8287 | D:7      | Reached skill level 9 in Dodging
  8599 | D:7      | Found an opulent altar of Gozag.
  8600 | D:7      | Found a snail-covered altar of Cheibriados.
  8600 | D:7      | Found a radiant altar of Vehumet.
  8751 | D:8      | Reached skill level 5 in Fighting
  8751 | D:8      | Reached skill level 1 in Invocations
  8961 | D:8      | Noticed a two-headed ogre
  9023 | D:8      | HP: 1/37 [orc priest/nerve-wracking pain (7)]
  9023 | D:8      | Slain by an orc
  9024 | D:8      | Reached XP level 7. HP: -5/33 MP: 9/9
  9109 | D:8      | Reached XP level 8. HP: 37/37 MP: 10/10
  9379 | D:8      | Killed a two-headed ogre
 10140 | D:9      | Reached skill level 10 in Dodging
 10152 | D:8      | Reached *** piety under Dithmenos
 10359 | D:9      | Noticed a troll
 10364 | D:9      | Killed a troll
 10512 | D:9      | Reached XP level 9. HP: 41/41 MP: 12/12
 10605 | D:9      | Found a blossoming altar of Fedhas.
 11441 | D:9      | Found a bloodstained altar of Trog.
 11523 | D:10     | Entered Level 10 of the Dungeon
 11614 | D:10     | HP: 1/41 [centaur zombie (5)]
 12326 | D:10     | Reached skill level 5 in Invocations
 12456 | D:10     | Reached skill level 11 in Dodging
 12516 | D:10     | Noticed a hill giant
 12520 | D:10     | Killed a hill giant
 12520 | D:10     | Reached XP level 10. HP: 45/45 MP: 14/14
 13405 | D:10     | Found Jeyve's General Store.
 13415 | D:10     | Bought a scroll of magic mapping for 45 gold pieces
 13415 | D:10     | Bought a scroll of teleportation for 39 gold pieces
 13415 | D:10     | Bought a potion of agility for 52 gold pieces
 13579 | D:10     | Found a staircase to the Lair.
 13681 | D:11     | Noticed a green ugly thing
 13754 | Lair:1   | Entered Level 1 of the Lair of Beasts
 13826 | Lair:1   | Noticed a six-headed hydra
 13833 | Lair:1   | Killed a six-headed hydra
 13833 | Lair:1   | Reached skill level 10 in Unarmed Combat
 13961 | Lair:1   | Noticed a spiny frog
 14002 | Lair:2   | Found a radiant altar of Vehumet.
 14002 | Lair:2   | Noticed an oklob plant
 14448 | Lair:2   | Reached skill level 12 in Dodging
 14588 | Lair:2   | Reached **** piety under Dithmenos
 14767 | Lair:2   | Noticed a spiny frog
 14771 | Lair:2   | Killed a spiny frog
 14773 | Lair:2   | Noticed a seven-headed hydra
 14781 | Lair:2   | Killed a seven-headed hydra
 15141 | Lair:3   | Reached XP level 11. HP: 49/49 MP: 17/17
 15446 | Lair:3   | Noticed a four-headed hydra
 15475 | Lair:3   | Noticed an eight-headed hydra
 15482 | Lair:3   | Killed an eight-headed hydra
 16434 | Lair:4   | Noticed Maud
 16450 | Lair:4   | Slain by Maud
 16451 | Lair:4   | Reached XP level 10. HP: -5/46 MP: 14/16
 16527 | Lair:4   | Slain by Maud

Vault maps used:
D:1:      dpeg_arrival_arbitrary_a
D:2:      okawaru_ov_weapons_minmay
D:3:      lemuel_crystal_altar, lemuel_round_altar, grunt_decor_arrowhead
D:4:      first_bread
D:5:      lemuel_round_altar, old_standard_altar, nemelex_lonely_heart_becter
D:6:      amethyst_overflow_temple_binary, minmay_temple_entry_glass
D:7:      gammafunk_temple_overflow_forgotten, uniq_duvessa, uniq_prince_ribbit1
D:9:      fedhas_altar_decomposition, kennysheep_mini_moat
D:10:     lair_0_dummy, serial_shops, shop_fountains
D:11:     serial_shops, kennysheep_little_box, nicolae_shop_statue_plus,
          kennysheep_mini, shop, david_nohive_1
Temple:   triangle_lava_temple_11
Lair:1:   grunt_megastairs_5, serial_bayou_shore_b
Lair:2:   lemuel_oklob_altar
Lair:3:   serial_bayou_shore_a
Lair:4:   roderic_carrion_pond, bh_autumn_forest_stairs, uniq_snorg, uniq_maud

Skill      XL: |  1  2  3  4  5  6  7  8  9 10 11 |
---------------+----------------------------------+-----
Stealth        | 3 4 5 6 7 8 9 |  9.8
Dodging        | 5 7 8 10 11 12 | 12.8
Unarmed Combat | 5 6 7 9 10 | 10.9
Fighting       | 4 5 6 7 |  7.0
Invocations    | 2 3 5 6 7 |  7.2

Action                   |  1- 3 |  4- 6 |  7- 9 | 10-12 || total
-------------------------+-------+-------+-------+-------++-------
Melee: Unarmed           |    84 |   204 |   378 |   336 ||  1002
       Bite              |     6 |    27 |    47 |    45 ||   125
       Punch             |       |     4 |    19 |    10 ||    33
Invok: Shadow Step       |       |       |       |     2 ||     2
Evoke: Wand              |       |       |       |     1 ||     1
       Phantom mirror    |       |       |       |     1 ||     1
  Use: Scroll            |       |    15 |     3 |    11 ||    29
       Potion            |       |       |     2 |       ||     2
 Stab: Sleeping          |    13 |    22 |    19 |    34 ||    88
       Distracted        |       |     1 |     2 |     4 ||     7
  Eat: Chunk             |     9 |     7 |    18 |     5 ||    39
Armor: Skin              |     5 |     6 |    17 |     3 ||    31
Dodge: Dodged            |    41 |   127 |   447 |   250 ||   865
